 Dungeon Crawl Stone Soup version 0.17-a0-1939-ga475588 (webtiles) character file.

18 achirane the Chucker (level 2, -2/25 HPs)
             Began as a Centaur Hunter on Sept 29, 2015.
             Killed from afar by Natasha (5 damage)
             ... with a magic dart
             ... on level 3 of the Dungeon.
             The game lasted 00:02:53 (202 turns).

achirane the Chucker (Centaur Hunter)                Turns: 202, Time: 00:02:53

Health: -2/25      AC:  4    Str: 14    XL:     2   Next: 48%
Magic:  2/2        EV:  9    Int: 10    God:
Gold:   45         SH:  0    Dex:  9    Spells: 0 memorised, 1 level left

rFire  + . .     SeeInvis .     c - +0 short sword
rCold  . . .     Clarity  .     d - +0 leather armour
rNeg   . . .     SustAt   .     (no shield)
rPois  .         Gourm    .     (no helmet)
rElec  .         Spirit   .     (no cloak)
rCorr  .         Warding  .     (no gloves)
rMut   .         Stasis   .     (no barding)
MR     .....                    (no amulet)
Stlth  +.........               (no ring)
                                a - ring of protection from fire {rF+, !d}

@: slowed, not resistant to hostile enchantments, very unstealthy
A: hooves 3, deformed body, speed 2, tough skin 3
a: no special abilities


You were on level 3 of the Dungeon.
You were not hungry.

You visited 1 branch of the dungeon, and saw 4 of its levels.

You collected 45 gold pieces.

Inventory:

Hand weapons
 c - a +0 short sword (weapon)
Missiles
 b - 2 throwing nets {=f, !d}
Armour
 d - a +0 leather armour (worn)
Jewellery
 a - a ring of protection from fire (left hand) {rF+, !d}
   (You found it on level 3 of the Dungeon)
Scrolls
 g - a scroll of remove curse {unknown}
 h - a scroll of amnesia {unknown}
Comestibles
 e - a bread ration {@e1}
 f - a meat ration {@e2}


   Skills:
 + Level 2.5 Fighting
 + Level 5.8 Throwing
 - Level 1.3 Dodging
 - Level 0.5 Stealth


You had one spell level left.
You didn't know any spells.

Dungeon Overview and Level Annotations

Branches:
Dungeon (4/15)
 Temple: D:4-7

Altars:

Annotations:
D:3 Natasha


Innate Abilities, Weirdness & Mutations

You have hooves in place of feet.
Armour fits poorly on your strangely shaped body.
You cover ground very quickly.
You have extremely tough skin (AC +3).


Message History

You hit the goblin.
You kill the goblin!
There is a stone staircase leading up here.
Things that are here:
a club; a goblin corpse Read which item? (? for menu, Esc to quit)
Okay, then.
Quiver which item? (- for none, * to show all) (? for menu, Esc to quit)
Okay, then.
You aren't carrying any potions.
Unknown command.
Things that are here:
a club; a hobgoblin corpse
Found a stone staircase leading down.
h - a scroll labeled WIOXZOLIJE
There is a stone staircase leading down here.
You climb downwards.
An orc comes into view. It is wielding a mace.
The orc shouts!
There is a stone staircase leading up here.
Throwing (i - inventory):
a - 4 javelins (quivered)
Press: ? - help, Shift-Dir - straight line, f - orc
Aim: an orc, wielding a mace You throw a javelin.
The javelin hits the orc.
The orc is heavily wounded.
Throwing (i - inventory):
a - 3 javelins (quivered)
Press: ? - help, Shift-Dir - straight line, f/p - orc
Aim: an orc, wielding a mace (heavily wounded)
You throw a javelin. The javelin hits the orc!
You kill the orc! 2 orcs come into view.
Throwing (i - inventory):
a - 2 javelins (quivered)
Press: ? - help, Shift-Dir - straight line, f - orc
Aim: an orc, wielding a mace (hasn't noticed you)
You throw a javelin. The orc shouts! x2
The javelin hits the orc.
The orc is lightly wounded.
The orc moves out of view.
Throwing (i - inventory):
a - a javelin (quivered)
Press: ? - help, Shift-Dir - straight line, f/p - orc
Aim: an orc, wielding a mace (lightly wounded)
You throw a javelin. The javelin closely misses the orc.
An orc priest comes into view. It is wielding a hand axe.
The orc priest shouts!
You climb upwards.
There is a stone staircase leading down here.
a - a knobbly jade ring Put on which piece of jewellery? (? for menu, Esc to quit)
a - a ring of protection from fire (left hand)
A hobgoblin comes into view.
The hobgoblin shouts!
Marking area around Natasha as unsafe for travelling.
Natasha, Servant of Life and Death comes into view.
Natasha hisses angrily.
The hobgoblin closely misses you.
You barely miss the hobgoblin. You kick the hobgoblin.
The hobgoblin is moderately wounded.
The hobgoblin hits you but does no damage.
You completely miss the hobgoblin. Your kick misses the hobgoblin.
The hobgoblin is moderately wounded.
Natasha zaps a wand.
You resist with significant effort.
It is a wand of slowing.
The hobgoblin barely misses you.
You hit the hobgoblin. Your kick misses the hobgoblin.
The hobgoblin is severely wounded.
The hobgoblin hits you.
Natasha zaps a wand.
You resist with significant effort.
You take 1 damage, and have 11/25 hp.
You closely miss the hobgoblin.
The hobgoblin is severely wounded.
The hobgoblin barely misses you.
Natasha zaps a wand.
You feel yourself slow down.
The hobgoblin hits you but does no damage.
You hit the hobgoblin.
You kill the hobgoblin!
Natasha casts a spell.
Natasha casts a spell at you. The magic dart hits you!
* * * LOW HITPOINT WARNING * * *
You take 9 damage, and have 3/25 hp.
MASSIVE DAMAGE!!
Natasha casts a spell at you.
You feel as though you will be slow longer.
You see here a hobgoblin corpse.
Unknown command.
Natasha mumbles some strange words.
The white imp gestures at you. The puff of frost misses you.
The white imp gestures at you. The puff of frost hits you!
* * * LOW HITPOINT WARNING * * *
You take 2 damage, and have 1/25 hp.
The white imp puffs mist at you.
Natasha casts a spell.
Natasha zaps a wand.
You resist with significant effort. Natasha casts a spell at you.
You feel as though you will be slow longer.
Natasha zaps a wand.
You feel as though you will be slow longer.
Natasha stares at you and mumbles some strange words.
The magic dart hits you!
You die...

#....###### #.##..# ###h##
#.# #.. #####.# #.# #.
##.....# #.# . ##....>.##
##.# #........## #..#
#..........# #.##
##.......h################.#
##.............@..........#
##....##################.#
###### .... .###.. #. ## ..
.#


You could see Natasha.

Vanquished Creatures
  An adder (D:2)
  An orc (D:4)
  A bat (D:1)
  3 hobgoblins
  A goblin (D:3)
  A kobold (D:2)
8 creatures vanquished.

Notes
Turn   | Place    | Note
--------------------------------------------------------------
     0 | D:1      | achirane the Centaur Hunter began the quest for the Orb.
     0 | D:1      | Reached XP level 1. HP: 17/17 MP: 1/1
    60 | D:2      | Reached XP level 2. HP: 18/25 MP: 2/2
   165 | D:3      | Noticed Natasha
   173 | D:3      | HP: 3/25 [Natasha/magic dart (9)]
   177 | D:3      | HP: 1/25 [white imp/puff of frost[Natasha] (2)]
   202 | D:3      | Killed from afar by Natasha

Vault maps used:
D:1:      dpeg_arrival_central, hangedman_feature_mirror, minmay_misc_feat_tower
D:2:      old_standard_altar
D:3:      uniq_grinder, uniq_jessica, uniq_natasha
D:4:      nicolae_ru_sacrificial_ziggurat, kennysheep_mini, grunt_gozag_statues,
          serial_shops, nicolae_shop_crystal, mrwooster_statue_mirror,
          uniq_blork_the_orc

Action                   || total
-------------------------++-------
Melee: Short sword       ||    16
Throw: Javelin           ||    12

Vault maps used:
D:1:      dpeg_arrival_central, hangedman_feature_mirror, minmay_misc_feat_tower
D:2:      old_standard_altar
D:3:      uniq_grinder, uniq_jessica, uniq_natasha
D:4:      nicolae_ru_sacrificial_ziggurat, kennysheep_mini, grunt_gozag_statues,
          serial_shops, nicolae_shop_crystal, mrwooster_statue_mirror,
          uniq_blork_the_orc

Table legend:
 A = Turns spent in this place as a percentage of turns spent in the entire game.
 B = Non-inter-level travel turns spent in this place as a percentage of non-inter-level travel turns spent in the entire game.
 C = Inter-level travel turns spent in this place as a percentage of turns spent in this place.
 D = Turns resting spent in this place as a percentage of non-inter-level travel turns spent in this place.
 E = Turns spent auto-exploring this place as a percentage of non-inter-level travel turns spent in this place.
 F = Non-inter-level travel turns spent in this place divided by the number of levels of this place that you've seen.
                   A       B       C       D       E      F
               +-------+-------+-------+-------+-------+----------------------
         Total | 100.0 | 100.0 |   0.0 |   0.0 |   0.6 |  41.8
       Dungeon | 100.0 | 100.0 |   0.0 |   0.0 |   0.6 |  41.8
               +-------+-------+-------+-------+-------+----------------------

Table legend:
 A = Kills in this place as a percentage of kills in entire the game.
 B = Kills by you in this place as a percentage of kills by you in the entire game.
 C = Kills by friends in this place as a percentage of kills by friends in the entire game.
 D = Other kills in this place as a percentage of other kills in the entire game.
 E = Experience gained in this place as a percentage of experience gained in the entire game.
 F = Experience gained in this place divided by the number of levels of this place that you have seen.
                   A       B       C       D       E      F
               +-------+-------+-------+-------+-------+----------------------
         Total | 100.0 | 100.0 |  -nan |  -nan | 100.0 |   6.5
       Dungeon | 100.0 | 100.0 |  -nan |  -nan | 100.0 |   6.5
               +-------+-------+-------+-------+-------+----------------------
